[Event "December 5 Late 2023"]
[Site "https://www.chess.com"]
[Date "2023.12.05"]
[Round "2"]
[White "Quesada Perez, Yasser"]
[Black "Figorito, Nick"]
[Result "1-0"]
[Board "106"]
[TimeControl "180+1"]
[WhiteFideId "3509362"]
[BlackFideId "30923689"]
[WhiteElo "2809"]
[BlackElo "2373"]
[WhiteTeam "CUB"]
[BlackTeam "USA"]
[WhiteClock "0:01:30"]
[BlackClock "0:00:07"]

1. e4 e6 2. d3 d5 3. Nd2 Nc6 4. Ngf3 Nf6 5. c3 dxe4 6. dxe4 e5 7. Bb5 Bd7 8. O-O Bd6 9. Nc4 Qe7 10. Qe2 O-O 11. Nxd6 Qxd6 12. Bg5 h6 13. Rfd1 Qe7 14. Bxf6 gxf6 15. Nh4 Kh7 16. Qf3 Rg8 17. h3 Rg5 18. Kh1 Rag8 19. Bxc6 Bxc6 20. Nf5 Qe6 21. g4 Qc4 22. Ng3 h5 23. Kg2 h4 24. b3 Qe6 25. Nf1 Rxg4+ 26. hxg4 Rxg4+ 27. Kh2 Bxe4 28. Qe3 Rg2+ 29. Kh1 Rg3+ 30. Qxe4+ f5 31. Qxh4+ 1-0

[Event "December 5 Late 2023"]
[Site "https://www.chess.com"]
[Date "2023.12.05"]
[Round "2"]
[White "YurasovMat-2012"]
[Black "Moiseenko, Alexander"]
[Result "0-1"]
[Board "107"]
[TimeControl "180+1"]
[BlackFideId "14102560"]
[WhiteElo "2372"]
[BlackElo "2799"]
[BlackTeam "UKR"]
[WhiteClock "0:00:12"]
[BlackClock "0:00:56"]

1. e4 c5 2. Nf3 e6 3. d3 Nc6 4. Nbd2 g6 5. g3 Bg7 6. Bg2 d5 7. O-O Nf6 8. Qe2 O-O 9. Rd1 b6 10. c3 Ba6 11. h3 Rc8 12. b3 dxe4 13. Nxe4 Nxe4 14. Qxe4 Bxc3 15. Bg5 Bf6 16. Bh6 Bg7 17. Bxg7 Kxg7 18. d4 cxd4 19. Nxd4 Nxd4 20. Rxd4 Qf6 21. Rad1 Rfd8 22. Qe3 Rxd4 23. Rxd4 Rc7 24. Kh2 Bb7 25. Rf4 Qb2 26. Bxb7 Rxb7 27. h4 h5 28. Rc4 Rd7 29. Rc8 Rd2 30. Kg2 Qd4 31. Qf3 Qd5 32. Qxd5 exd5 33. a4 Rd3 34. b4 Rd4 35. Ra8 Rxb4 36. Rxa7 Kf6 37. Ra6 Ke5 38. Ra7 f5 39. a5 bxa5 40. Rxa5 Rb6 41. Kf3 Rb3+ 42. Ke2 Ke4 43. Ra6 Rb2+ 44. Kf1 d4 45. Rxg6 Kf3 46. Rg5 Rb1# 0-1

[Event "December 5 Late 2023"]
[Site "https://www.chess.com"]
[Date "2023.12.05"]
[Round "2"]
[White "KhalilMousavi98"]
[Black "Morales Garcia, Sergio Joshafatt"]
[Result "1-0"]
[Board "108"]
[TimeControl "180+1"]
[BlackFideId "5106249"]
[WhiteElo "2792"]
[BlackElo "2371"]
[BlackTeam "MEX"]
[WhiteClock "0:01:04"]
[BlackClock "0:00:00"]

1. e4 c5 2. Nf3 e6 3. d4 cxd4 4. Nxd4 Nc6 5. Nc3 Qc7 6. Nxc6 bxc6 7. Bd3 Nf6 8. f4 d5 9. Qf3 Be7 10. Bd2 Rb8 11. b3 Bb7 12. O-O O-O 13. Qh3 Nxe4 14. Nxe4 dxe4 15. Bxe4 f5 16. Bd3 c5 17. Rae1 Rf6 18. Bc4 Bd5 19. Bc3 Rf7 20. Rxe6 Bxc4 21. bxc4 Qd7 22. Rfe1 Bf8 23. R6e5 Qa4 24. Rxf5 Qxc4 25. Rxf7 Qxf7 26. f5 Qxa2 27. f6 Qf7 28. fxg7 Bxg7 29. Qg3 Rf8 30. h3 1-0

[Event "December 5 Late 2023"]
[Site "https://www.chess.com"]
[Date "2023.12.05"]
[Round "2"]
[White "Buenafe Moya, Javier"]
[Black "Slugin, Sergey"]
[Result "0-1"]
[Board "109"]
[TimeControl "180+1"]
[WhiteFideId "2206412"]
[BlackFideId "4122569"]
[WhiteElo "2371"]
[BlackElo "2755"]
[WhiteTeam "ESP"]
[BlackTeam "RUS"]
[WhiteClock "0:00:37"]
[BlackClock "0:00:17"]

1. Nf3 g6 2. d4 Bg7 3. g3 c5 4. dxc5 Na6 5. Bg2 Nxc5 6. O-O Nf6 7. Nc3 O-O 8. Be3 d6 9. h3 a6 10. Nd4 Rb8 11. Qd2 Qc7 12. Bh6 b5 13. Bxg7 Kxg7 14. a3 Bb7 15. Nf3 Nce4 16. Nxe4 Nxe4 17. Qd4+ Nf6 18. c3 Rfc8 19. Rfd1 Qc5 20. g4 Qxd4 21. Rxd4 h6 22. Ne1 Bxg2 23. Nxg2 Rc4 24. Rad1 Rbc8 25. Ne3 Rxd4 26. Rxd4 Nd7 27. Kg2 Nc5 28. Nd5 e6 29. Nb4 a5 30. Nd3 d5 31. Nxc5 Rxc5 32. e4 dxe4 33. Rxe4 Rd5 34. a4 bxa4 35. Rxa4 Rb5 36. Kf3 h5 37. Ke3 h4 38. f4 Rxb2 39. Rxa5 Rh2 40. c4 Rxh3+ 41. Kd4 Rg3 42. g5 h3 43. Ra1 Rf3 44. Ke4 Rc3 45. Kd4 Rc2 46. Kd3 Rg2 47. c5 h2 48. Rh1 Ra2 49. Kc4 Kf8 50. Kd4 Ke7 51. Ke5 Re2+ 52. Kd4 Kd7 53. Kd3 Rg2 54. Ke4 Kc6 55. Ke5 Rf2 56. Kd4 Rxf4+ 57. Ke3 Rh4 58. Kf3 Kxc5 59. Kg3 Rh5 60. Kg4 Kd5 61. Rd1+ Kc6 62. Rc1+ Kd7 63. Rd1+ Ke7 64. Rh1 Rh8 65. Kf4 Kd6 66. Rd1+ Ke7 67. Rh1 Rh5 68. Kg4 e5 69. Kf3 Ke6 70. Ke4 Rh4+ 71. Kf3 Kf5 72. Kg3 Kxg5 73. Kg2 f5 74. Kg3 f4+ 75. Kg2 Kf5 76. Kf3 g5 77. Kg2 e4 78. Kf2 Kg4 79. Kg2 f3+ 80. Kf2 Kf4 81. Kf1 e3 82. Ke1 g4 83. Kf1 Rh6 0-1

[Event "December 5 Late 2023"]
[Site "https://www.chess.com"]
[Date "2023.12.05"]
[Round "2"]
[White "Krzyzanowski, Marcin"]
[Black "Azali, Tannaz"]
[Result "1-0"]
[Board "110"]
[TimeControl "180+1"]
[WhiteFideId "1132199"]
[BlackFideId "12537721"]
[WhiteElo "2714"]
[BlackElo "2371"]
[WhiteTeam "POL"]
[BlackTeam "IRI"]
[WhiteClock "0:01:06"]
[BlackClock "0:01:26"]

1. e4 c6 2. d4 d5 3. e5 c5 4. Nf3 Nc6 5. dxc5 Bg4 6. Bb5 e6 7. Be3 Ne7 8. c3 Ng6 9. Bxc6+ bxc6 10. Qa4 Qc7 11. Qxg4 Nxe5 12. Nxe5 Qxe5 13. Nd2 f5 14. Qa4 Qc7 15. Nf3 e5 16. Nxe5 Rc8 17. Bd4 Bxc5 18. Bxc5 Qxe5+ 19. Kf1 Kf7 20. Re1 Qf6 21. Qxa7+ Kg6 22. h4 h5 23. Rh3 Rhe8 24. Rg3+ Kh7 25. Rxe8 Rxe8 26. Bd4 1-0

[Event "December 5 Late 2023"]
[Site "https://www.chess.com"]
[Date "2023.12.05"]
[Round "2"]
[White "Sahakyan, Aleks"]
[Black "Zivic, Dragan"]
[Result "1/2-1/2"]
[Board "111"]
[TimeControl "180+1"]
[WhiteFideId "13316338"]
[BlackFideId "904740"]
[WhiteElo "2701"]
[BlackElo "2370"]
[WhiteTeam "ARM"]
[BlackTeam "SRB"]
[WhiteClock "0:00:27"]
[BlackClock "0:00:15"]

1. e4 c6 2. d4 d5 3. exd5 cxd5 4. c4 Nf6 5. Nc3 Nc6 6. Nf3 Bg4 7. cxd5 Nxd5 8. Qb3 Bxf3 9. gxf3 e6 10. Qxb7 Nxd4 11. Bb5+ Nxb5 12. Qc6+ Ke7 13. Qxb5 Nxc3 14. bxc3 Qd5 15. Qxd5 exd5 16. Be3 Kd7 17. Kd2 Kc6 18. Rab1 Bd6 19. h3 Rhb8 20. Kd3 a5 21. f4 Rxb1 22. Rxb1 Rb8 23. Rg1 g6 24. f5 Rb2 25. fxg6 hxg6 26. a4 Ra2 27. Rg4 Bc5 28. Rf4 Bxe3 29. Rf6+ Kc5 30. fxe3 Rxa4 31. Rxf7 Rh4 32. Rc7+ Kb6 33. Rg7 Rxh3 34. Kd4 Rg3 35. Kxd5 Rxe3 36. Rxg6+ Kb5 37. c4+ Kb4 38. Rb6+ Kc3 39. c5 a4 40. c6 Re8 41. Ra6 Kb3 42. Rb6+ Kc3 43. c7 Rc8 44. Rc6+ Kb3 45. Rb6+ Kc3 46. Kc6 a3 47. Ra6 Kb2 48. Kb7 Rxc7+ 49. Kxc7 a2 50. Rb6+ Kc2 51. Rc6+ Kb2 52. Rb6+ Kc2 53. Rc6+ Kb2 54. Rb6+ 1/2-1/2

[Event "December 5 Late 2023"]
[Site "https://www.chess.com"]
[Date "2023.12.05"]
[Round "2"]
[White "Panesar Vedant"]
[Black "Nita, Lucian"]
[Result "1-0"]
[Board "112"]
[TimeControl "180+1"]
[WhiteFideId "35033018"]
[BlackFideId "1206923"]
[WhiteElo "2699"]
[BlackElo "2366"]
[WhiteTeam "IND"]
[BlackTeam "ROU"]
[WhiteClock "0:01:14"]
[BlackClock "0:01:07"]

1. e4 d6 2. d4 Nf6 3. Nc3 e5 4. Nf3 Nbd7 5. Bc4 Be7 6. O-O O-O 7. a4 a5 8. Re1 c6 9. h3 Nb6 10. Bf1 exd4 11. Nxd4 d5 12. e5 Ne8 13. Bf4 Nc7 14. Qf3 Ne6 15. Rad1 Nxd4 16. Rxd4 Bb4 17. Red1 f6 18. Qg3 fxe5 19. Bxe5 Qe7 20. Bd3 Bf5 21. Ne2 Bxd3 22. R1xd3 Rae8 23. Bxg7 Qxe2 24. Bxf8+ Kxf8 25. Rf3+ Qxf3 26. Qxf3+ Ke7 27. Rxb4 axb4 28. Qe3+ Kd7 29. Qxb6 Re1+ 30. Kh2 Kc8 31. Qxb4 1-0

[Event "December 5 Late 2023"]
[Site "https://www.chess.com"]
[Date "2023.12.05"]
[Round "2"]
[White "Spichkin, Alexander"]
[Black "Boyer, Mahel"]
[Result "1-0"]
[Board "113"]
[TimeControl "180+1"]
[WhiteFideId "4144074"]
[BlackFideId "45102422"]
[WhiteElo "2365"]
[BlackElo "2690"]
[WhiteTeam "RUS"]
[BlackTeam "FRA"]
[WhiteClock "0:01:12"]
[BlackClock "0:00:01"]

1. f4 d5 2. Nf3 Bf5 3. e3 e6 4. Be2 c5 5. O-O Nc6 6. b3 Qf6 7. Nc3 Be7 8. Bb2 Qg6 9. Bb5 Bf6 10. d3 Ne7 11. Ne5 Bxe5 12. fxe5 O-O 13. Ne2 a6 14. Nf4 Qg5 15. Bxc6 Nxc6 16. Qe1 Bg6 17. Rf3 Nxe5 18. Rg3 Qf5 19. Qd2 c4 20. Rf1 Nc6 21. Nxg6 c3 22. Bxc3 fxg6 23. Rxf5 Rxf5 24. e4 Rf7 25. exd5 Raf8 26. Rf3 Rxf3 27. gxf3 exd5 28. Qe2 d4 29. Bd2 Rf5 30. Qe6+ Kf8 31. Bc1 a5 32. Ba3+ Nb4 33. Bxb4+ axb4 34. Qc8+ Kf7 35. Qxb7+ Kf6 36. Qxb4 Rxf3 37. Qxd4+ Kg5 38. Qd5+ Rf5 39. Qd8+ Kh5 40. a4 Rg5+ 41. Kh1 Rf5 42. a5 Rf1+ 43. Kg2 Rc1 44. Qc7 Ra1 45. Qc5+ g5 46. Qc3 Ra2 47. Kg3 g6 48. h3 h6 49. b4 g4 50. Qe5+ g5 51. Qe8# 1-0

[Event "December 5 Late 2023"]
[Site "https://www.chess.com"]
[Date "2023.12.05"]
[Round "2"]
[White "Hernandez Jimenez, Alexander Andres"]
[Black "Wu, Derek"]
[Result "0-1"]
[Board "114"]
[TimeControl "180+1"]
[WhiteFideId "3900452"]
[BlackFideId "30914558"]
[WhiteElo "2362"]
[BlackElo "2688"]
[WhiteTeam "VEN"]
[BlackTeam "USA"]
[WhiteClock "0:01:24"]
[BlackClock "0:02:06"]

1. e4 e6 2. d4 d5 3. Nc3 Nf6 4. e5 Nfd7 5. f4 c5 6. Nf3 Nc6 7. Be3 Qb6 8. Bb5 c4 9. O-O a6 10. Bxc6 bxc6 11. Na4 Qb5 12. c3 Be7 13. b3 a5 14. bxc4 Qxc4 15. Nd2 Qd3 16. Nb3 Qxe3+ 0-1

[Event "December 5 Late 2023"]
[Site "https://www.chess.com"]
[Date "2023.12.05"]
[Round "2"]
[White "Solon, Nathan"]
[Black "Kostiukov, Alexandr"]
[Result "1-0"]
[Board "115"]
[TimeControl "180+1"]
[WhiteFideId "2017229"]
[BlackFideId "14108100"]
[WhiteElo "2687"]
[BlackElo "2360"]
[WhiteTeam "USA"]
[BlackTeam "UKR"]
[WhiteClock "0:00:33"]
[BlackClock "0:00:32"]

1. d4 g6 2. e4 Bg7 3. Nf3 d6 4. Bc4 e6 5. Bb3 Ne7 6. c3 b6 7. O-O Bb7 8. Re1 Nd7 9. Nbd2 h6 10. Nf1 c5 11. Ng3 O-O 12. h4 Nf6 13. Bf4 cxd4 14. cxd4 d5 15. e5 Ne4 16. Bc2 Nxg3 17. fxg3 h5 18. Ng5 Rc8 19. Bd3 Nf5 20. g4 hxg4 21. Qxg4 Nh6 22. Qh3 Rc4 23. Nxe6 fxe6 24. Bxh6 Bxh6 25. Qxe6+ Rf7 26. Bxg6 Rc7 27. Bxf7+ Rxf7 28. Qxh6 Rg7 29. Rf1 Ba6 30. Rf6 Bd3 31. Rd1 Be4 32. Rd2 Qc8 33. Rc6 Qg4 34. Qe6+ Kh7 35. Qxg4 Rxg4 36. e6 Kg7 37. Rf2 Bg6 38. e7 Re4 39. Rc7 Be8 40. Rf8 1-0

[Event "December 5 Late 2023"]
[Site "https://www.chess.com"]
[Date "2023.12.05"]
[Round "2"]
[White "Hambleton, Aman"]
[Black "Gutkin, Ilya"]
[Result "1-0"]
[Board "116"]
[TimeControl "180+1"]
[WhiteFideId "2606577"]
[BlackFideId "16203470"]
[WhiteElo "2686"]
[BlackElo "2356"]
[WhiteTeam "CAN"]
[BlackTeam "GER"]
[WhiteClock "0:00:03"]
[BlackClock "0:00:12"]

1. e4 e5 2. Nf3 Nc6 3. Bc4 Nf6 4. Qe2 Bc5 5. Ng5 O-O 6. Nxf7 Nd4 7. Nxd8+ d5 8. Qd3 Rxd8 9. Bxd5+ Nxd5 10. Qc4 Be6 11. Qxc5 b6 12. Qxd4 exd4 13. exd5 Bxd5 14. O-O Re8 15. d3 Re2 16. Na3 Rae8 17. Bf4 c5 18. Bg3 a6 19. f3 Rd2 20. Rad1 Ree2 21. Rxd2 Rxd2 22. b3 b5 23. Rc1 Kf7 24. Kf1 g5 25. Nb1 1-0

[Event "December 5 Late 2023"]
[Site "https://www.chess.com"]
[Date "2023.12.05"]
[Round "2"]
[White "Micic, Aleksa"]
[Black "Kokoszczynski, Jan"]
[Result "0-1"]
[Board "117"]
[TimeControl "180+1"]
[WhiteFideId "989940"]
[BlackFideId "1174460"]
[WhiteElo "2353"]
[BlackElo "2672"]
[WhiteTeam "SRB"]
[BlackTeam "POL"]
[WhiteClock "0:00:07"]
[BlackClock "0:00:04"]

1. e4 c5 2. Nc3 Nc6 3. Bb5 g6 4. Bxc6 dxc6 5. f4 Bg7 6. Nf3 Nf6 7. d3 O-O 8. O-O b6 9. Qe1 Ne8 10. e5 Nc7 11. Qh4 Nd5 12. Ne4 f5 13. exf6 exf6 14. Bd2 f5 15. Qxd8 Rxd8 16. Nc3 a5 17. Rae1 a4 18. a3 b5 19. Ne5 Ra6 20. g3 Bf6 21. Kg2 Nc7 22. Na2 Ne6 23. Bc3 Nd4 24. Bxd4 Rxd4 25. Nxg6 hxg6 26. Re8+ Kf7 27. Rxc8 Rd7 28. Nc3 b4 29. axb4 cxb4 30. Na2 b3 31. Nb4 Rb6 32. c3 a3 33. bxa3 Bxc3 34. Rxc6 Rxc6 35. Nxc6 Rxd3 36. Rb1 Rd2+ 37. Kf3 b2 38. Ne5+ Ke6 39. Nc4 Rxh2 40. a4 Kd5 41. Ne3+ Kc5 42. Nd1 Bd4 43. g4 fxg4+ 44. Kxg4 Kb4 45. a5 Kxa5 46. f5 gxf5+ 47. Kxf5 Kb4 48. Nxb2 Bxb2 49. Rf1 Kc4 50. Kg4 Kd5 51. Kf3 Rh8 52. Rf2 Bd4 53. Rd2 Rf8+ 54. Kg4 Ke4 55. Re2+ Be3 56. Ra2 Rg8+ 57. Kh5 Bd4 58. Re2+ Kf5 59. Kh4 Be5 60. Rf2+ Bf4 61. Kh3 Ke4 62. Re2+ Kf3 63. Rf2+ Kxf2 0-1

[Event "December 5 Late 2023"]
[Site "https://www.chess.com"]
[Date "2023.12.05"]
[Round "2"]
[White "Nery Junior, Jose Antonio"]
[Black "Dobrikov, Marco"]
[Result "1-0"]
[Board "118"]
[TimeControl "180+1"]
[WhiteFideId "2104822"]
[BlackFideId "12950378"]
[WhiteElo "2352"]
[BlackElo "2648"]
[WhiteTeam "BRA"]
[BlackTeam "GER"]
[WhiteClock "0:00:09"]
[BlackClock "0:01:26"]

1. e4 c5 2. Nf3 Nc6 3. d4 cxd4 4. Nxd4 e5 5. Nxc6 bxc6 6. Nc3 f6 7. Bc4 Bc5 8. O-O Ne7 9. Qh5+ Ng6 10. Rd1 a5 11. Bd2 Ba6 12. Bb3 Qe7 13. Na4 Bb4 14. c3 Bd6 15. Be3 Bc7 16. Bc5 d6 17. Bb6 Bxb6 18. Nxb6 Rb8 19. Na4 Bc8 20. Rd2 Be6 21. Bxe6 Qxe6 22. b3 O-O 23. g3 d5 24. Rad1 dxe4 25. Nc5 Qc8 26. Nd7 a4 27. Nxf8 Qxf8 28. b4 c5 29. a3 cxb4 30. cxb4 Ne7 31. Qe2 Nc6 32. Qc4+ Qf7 33. Qxc6 h6 34. Rd7 Qh5 35. Qxe4 Kh8 36. Rd8+ 1-0

[Event "December 5 Late 2023"]
[Site "https://www.chess.com"]
[Date "2023.12.05"]
[Round "2"]
[White "Gubajdullin, Alexei"]
[Black "Cooper, Aaron"]
[Result "1-0"]
[Board "119"]
[TimeControl "180+1"]
[WhiteFideId "4141202"]
[BlackFideId "2634945"]
[WhiteElo "2606"]
[BlackElo "2349"]
[WhiteTeam "RUS"]
[BlackTeam "CAN"]
[WhiteClock "0:02:00"]
[BlackClock "0:00:14"]

1. d4 d5 2. Nf3 Nf6 3. Bf4 c5 4. e3 Nc6 5. Nbd2 cxd4 6. exd4 Bg4 7. c3 e6 8. Qb3 Qc8 9. Bd3 Be7 10. O-O O-O 11. Rae1 Re8 12. Ne5 Bh5 13. Bg3 Nxe5 14. Bxe5 Bg6 15. Bxg6 hxg6 16. Qd1 b5 17. Re3 Nd7 18. h4 Bxh4 19. Rh3 Bf6 20. f4 Kf8 21. Bd6+ Kg8 22. Qg4 Qc6 23. Ba3 Be7 24. Bxe7 Rxe7 25. Qh4 f6 26. Nf3 Nf8 27. Ng5 1-0

[Event "December 5 Late 2023"]
[Site "https://www.chess.com"]
[Date "2023.12.05"]
[Round "2"]
[White "Biernacki, Mark"]
[Black "Omelja, Artem"]
[Result "0-1"]
[Board "120"]
[TimeControl "180+1"]
[WhiteFideId "2082322"]
[BlackFideId "14119846"]
[WhiteElo "2340"]
[BlackElo "2605"]
[WhiteTeam "USA"]
[BlackTeam "UKR"]
[WhiteClock "0:00:00"]
[BlackClock "0:02:22"]

1. e4 c6 2. d4 d5 3. exd5 cxd5 4. Nf3 Nc6 5. Ne5 e6 6. Nxc6 bxc6 7. c3 Bd6 8. Bd3 Ne7 9. O-O Qc7 10. h3 c5 11. dxc5 Bxc5 12. Nd2 e5 13. Bb5+ Bd7 14. Bxd7+ Qxd7 15. Nf3 f6 16. Re1 O-O 17. Qe2 a6 18. Be3 Bd6 19. Rad1 Qc6 20. Rd2 a5 21. Red1 a4 22. a3 Rab8 23. Ne1 e4 24. f4 exf3 25. Nxf3 Rfe8 26. Nd4 Qb6 27. Qf2 Bc5 28. Nf5 Bxe3 29. Nxe3 Red8 30. Nxd5 Nxd5 31. Rxd5 Rxd5 32. Rxd5 Qb3 33. Rd2 h6 34. Qd4 Kh8 35. Kf2 Re8 36. Re2 Rxe2+ 37. Kxe2 Qxb2+ 38. Kf3 Qxa3 39. Kg3 Qb3 40. Kh2 a3 41. Qd8+ Qg8 42. Qa5 a2 43. Qa4 Qe6 44. c4 Qe5+ 45. g3 a1=Q 46. Qxa1 Qxa1 47. c5 Qb2+ 0-1

[Event "December 5 Late 2023"]
[Site "https://www.chess.com"]
[Date "2023.12.05"]
[Round "2"]
[White "Janaszak, Dawid"]
[Black "Stevens, Matthew"]
[Result "1/2-1/2"]
[Board "121"]
[TimeControl "180+1"]
[WhiteFideId "1119206"]
[BlackFideId "2067633"]
[WhiteElo "2580"]
[BlackElo "2340"]
[WhiteTeam "POL"]
[BlackTeam "USA"]
[WhiteClock "0:00:08"]
[BlackClock "0:00:09"]

1. e4 c6 2. d4 d5 3. exd5 cxd5 4. Bd3 Nf6 5. c3 Nc6 6. Bf4 Bg4 7. Qb3 Qc8 8. Nd2 e6 9. Ngf3 Bh5 10. O-O Be7 11. Rae1 O-O 12. Ne5 Nxe5 13. Bxe5 Bg6 14. Bxg6 hxg6 15. Nf3 Qc6 16. Qd1 b5 17. Ng5 Nd7 18. Nf3 b4 19. Re3 bxc3 20. bxc3 Qc4 21. a4 Nxe5 22. Nxe5 Qc7 23. Qg4 Rab8 24. h4 Rb3 25. Rc1 Rfb8 26. h5 Rb1 27. Rxb1 Rxb1+ 28. Kh2 gxh5 29. Qxh5 g6 30. Qg4 Bf6 31. f4 Rb3 32. Nxg6 fxg6 33. Qxg6+ Qg7 34. Qe8+ Qf8 35. Qxe6+ Qf7 36. Rg3+ Bg7 37. Qc8+ Qf8 38. Qc7 Qf7 39. Qd8+ Qf8 40. Qxd5+ Qf7 41. Qa8+ Kh7 42. Rh3+ Bh6 43. Qe4+ Qg6 44. f5 Qd6+ 45. Kh1 Qf6 46. Qf4 Rb1+ 47. Kh2 Rb7 48. Qg3 Rg7 49. Qf4 Rf7 50. Rh5 Rg7 51. Qf3 Rg5 52. Qb7+ Kg8 53. Qc8+ Kg7 54. Qd7+ Qf7 55. Rxg5+ Bxg5 56. Qc6 Qxf5 57. Qb7+ Kg6 58. g3 Qf2+ 59. Qg2 Qxg2+ 60. Kxg2 Bd2 61. Kf3 Bxc3 62. Ke4 Bb4 63. Kd5 Kf6 64. Kc6 Bc3 65. d5 Ke7 66. Kb7 Be5 67. Kxa7 Kd6 68. Kb7 Bxg3 69. a5 Kxd5 70. a6 Bf2 71. Kb8 Bb6 72. a7 Bxa7+ 1/2-1/2

[Event "December 5 Late 2023"]
[Site "https://www.chess.com"]
[Date "2023.12.05"]
[Round "2"]
[White "Prokhorov, Oleksandr"]
[Black "Ezat, Mohamed"]
[Result "1-0"]
[Board "122"]
[TimeControl "180+1"]
[WhiteFideId "14105578"]
[BlackFideId "10600906"]
[WhiteElo "2332"]
[BlackElo "2575"]
[WhiteTeam "UKR"]
[BlackTeam "EGY"]
[WhiteClock "0:00:31"]
[BlackClock "0:00:05"]

1. d4 Nf6 2. c4 c5 3. d5 e5 4. Nc3 d6 5. e4 g6 6. h3 Bg7 7. Nf3 O-O 8. Be2 Ne8 9. O-O Na6 10. a3 Nac7 11. Rb1 b6 12. b4 h6 13. bxc5 bxc5 14. Qc2 f5 15. Nd2 Nf6 16. Bf3 f4 17. Nb5 g5 18. Nxc7 Qxc7 19. Qd1 h5 20. Bxh5 Nxh5 21. Qxh5 Qe7 22. Rb3 Ba6 23. Re1 Rab8 24. Qd1 Rxb3 25. Qxb3 Bc8 26. f3 Bf6 27. Nb1 g4 28. fxg4 Bh4 29. Rf1 Bg3 30. Rf3 Bxg4 31. Rxg3 fxg3 32. Qxg3 Rf7 33. Qxg4+ Kf8 34. Bh6+ Ke8 35. Qc8+ Qd8 36. Qxd8+ Kxd8 37. Nc3 a6 38. g4 Rb7 39. Bc1 Rb3 40. Ne2 Rxh3 41. Kg2 Rd3 42. g5 Ke7 43. Ng3 Rc3 44. Nf5+ Kf7 45. Be3 Kg6 46. Kf3 Rxc4 47. Nxd6 Rc3 48. Nb7 c4 49. d6 Rd3 50. Ke2 a5 51. Nxa5 Rxd6 52. Nxc4 Ra6 53. Nxe5+ Kh5 54. Kf3 Rxa3 55. Kf4 Ra4 56. Nf7 Ra5 57. Bf2 Ra3 58. Ne5 Ra5 59. Bd4 Ra4 60. Bc5 Rc4 61. Be7 Rc1 62. g6 Rf1+ 63. Ke3 Rg1 64. Bf6 Kh6 65. g7 Kh7 66. Kd4 Rg3 67. Kd5 Rf3 68. Nxf3 Kg8 69. Ke6 Kh7 70. Ba1 Kg8 71. Kf6 Kh7 72. Kf7 Kh6 73. g8=Q Kh5 74. Qg5# 1-0

[Event "December 5 Late 2023"]
[Site "https://www.chess.com"]
[Date "2023.12.05"]
[Round "2"]
[White "Osmak, Yuliia"]
[Black "Kappeler, Kaspar"]
[Result "1-0"]
[Board "123"]
[TimeControl "180+1"]
[WhiteFideId "14101602"]
[BlackFideId "1309072"]
[WhiteElo "2564"]
[BlackElo "2331"]
[WhiteTeam "UKR"]
[BlackTeam "SUI"]
[WhiteClock "0:00:11"]
[BlackClock "0:00:01"]

1. g3 Nf6 2. Bg2 e6 3. e4 c5 4. d3 Nc6 5. Nf3 d5 6. Qe2 Be7 7. O-O O-O 8. e5 Nd7 9. c4 d4 10. Nbd2 Qc7 11. Re1 Nb4 12. Nf1 b5 13. Nxd4 cxd4 14. Bxa8 bxc4 15. Be4 Nc5 16. Bf4 cxd3 17. Qd2 Nxe4 18. Rxe4 Bb7 19. Rc1 Nc2 20. Qxd3 Bxe4 21. Qxe4 Rc8 22. Nd2 g5 23. Bxg5 Bxg5 24. Qg4 Qxe5 25. Nf3 Qf5 26. Qxf5 exf5 27. Nxg5 d3 28. Nf3 Rd8 29. Nd2 Nd4 30. Kf1 Ne2 31. Rc5 Kg7 32. Rxf5 Rc8 33. Rd5 Rc1+ 34. Kg2 Rg1+ 35. Kf3 Nc1 36. a4 Rd1 37. Ke3 Re1+ 38. Kd4 Rd1 39. Kc3 Ne2+ 40. Kxd3 Nc1+ 41. Kc2 Rf1 42. Ne4 Rh1 43. h4 Rh2 44. a5 h5 45. Rxh5 Ne2 46. Rd5 Nd4+ 47. Rxd4 f5 48. Nd2 Kf6 49. Rf4 Rg2 50. b4 Ke5 51. b5 Rg1 52. b6 axb6 53. axb6 Ra1 54. b7 Ra2+ 55. Kb3 Ra7 56. b8=Q+ Ke6 57. Qxa7 Kd5 58. Qa5+ Ke6 59. Qb6+ Ke7 60. Qc7+ 1-0

[Event "December 5 Late 2023"]
[Site "https://www.chess.com"]
[Date "2023.12.05"]
[Round "2"]
[White "youngdinousaur"]
[Black "Roberson, Peter T"]
[Result "0-1"]
[Board "124"]
[TimeControl "180+1"]
[BlackFideId "412384"]
[WhiteElo "2328"]
[BlackElo "2557"]
[BlackTeam "ENG"]
[WhiteClock "0:00:00"]
[BlackClock "0:00:03"]

1. d4 Nf6 2. Nf3 c5 3. c3 g6 4. Bf4 Bg7 5. e3 O-O 6. Nbd2 Nh5 7. Bg5 h6 8. Bh4 d6 9. Bd3 b6 10. Rc1 Bb7 11. O-O Nd7 12. Bb1 Rc8 13. Re1 Ndf6 14. e4 g5 15. Bg3 cxd4 16. cxd4 Rxc1 17. Qxc1 Qd7 18. Nb3 Rc8 19. Qd2 Nxg3 20. hxg3 Qg4 21. Qd3 Qh5 22. e5 dxe5 23. dxe5 Ng4 24. e6 fxe6 25. Qh7+ Kf8 26. Bg6 Nf6 27. Qxg7+ Kxg7 28. Bxh5 Nxh5 29. Rxe6 Rc7 30. Ne5 Nf6 31. Nd4 Bd5 32. Nf5+ Kf8 33. Ng6+ Kf7 34. Rxe7+ Rxe7 35. Ngxe7 Bxa2 36. Nc6 a5 37. Nfd4 Nd5 38. f4 gxf4 39. gxf4 Nxf4 40. Nf5 Kg6 41. Nfe7+ Kg5 42. Nc8 Nd5 43. Ne5 Bb3 44. Nd7 b5 45. Nd6 Bc4 46. Nb6 Bd3 47. Nxd5 a4 48. Nb7 b4 49. Nc5 a3 0-1

[Event "December 5 Late 2023"]
[Site "https://www.chess.com"]
[Date "2023.12.05"]
[Round "2"]
[White "Mazzilli, Piero"]
[Black "Przybylski, Wojciech"]
[Result "0-1"]
[Board "125"]
[TimeControl "180+1"]
[WhiteFideId "807087"]
[BlackFideId "1117599"]
[WhiteElo "2327"]
[BlackElo "2555"]
[WhiteTeam "ITA"]
[BlackTeam "POL"]
[WhiteClock "0:00:00"]
[BlackClock "0:00:58"]

1. e4 e5 2. Nf3 Nc6 3. Nc3 Nf6 4. d4 exd4 5. Nxd4 Bb4 6. Nxc6 dxc6 7. Qxd8+ Kxd8 8. Bd2 Be6 9. O-O-O Kc8 10. f3 a5 11. a3 Bc5 12. Bg5 b5 13. Bxf6 gxf6 14. Ne2 Be3+ 15. Kb1 Rd8 16. Rxd8+ Kxd8 17. Ng3 Ke8 18. Be2 a4 19. Rd1 Bc5 20. Nf5 Bf8 21. c3 Rb8 22. Nd4 Bd7 23. Rc1 c5 24. Nc2 c4 25. Nb4 c6 26. Rd1 f5 27. Re1 fxe4 28. Bd1 f5 29. g4 Kf7 30. gxf5 exf3 31. Bc2 f2 32. Rf1 Bc5 33. Na6 Re8 34. Nxc5 Re1+ 35. Ka2 Rxf1 36. Nxd7 Re1 0-1

[Event "December 5 Late 2023"]
[Site "https://www.chess.com"]
[Date "2023.12.05"]
[Round "2"]
[White "Garcia, Gabriel Gonzaga"]
[Black "Khokhlova, Daria"]
[Result "1-0"]
[Board "126"]
[TimeControl "180+1"]
[WhiteFideId "2138956"]
[BlackFideId "24182729"]
[WhiteElo "2555"]
[BlackElo "2324"]
[WhiteTeam "BRA"]
[BlackTeam "FID"]
[WhiteClock "0:01:09"]
[BlackClock "0:00:02"]

1. e4 c5 2. Nf3 d6 3. d4 cxd4 4. Qxd4 Nc6 5. Bb5 Bd7 6. Bxc6 Bxc6 7. Bg5 Nf6 8. Nc3 e5 9. Qd3 Be7 10. O-O-O Qa5 11. Bxf6 Bxf6 12. Qxd6 Rd8 13. Qa3 Qxa3 14. bxa3 O-O 15. Rxd8 Rxd8 16. Rd1 Rxd1+ 17. Kxd1 Be7 18. Nxe5 Bxa3 19. Nxc6 bxc6 20. Kd2 Kf8 21. Kd3 Ke7 22. Kc4 Kd6 23. f4 Bc1 24. g3 Be3 25. Ne2 f6 26. Nd4 g6 27. Nf3 Bb6 28. a4 Be3 29. e5+ fxe5 30. fxe5+ Kd7 31. Kd3 Bb6 32. Ke4 h6 33. Nh4 g5 34. Nf5 h5 35. Ng7 h4 36. g4 h3 37. Kf3 Bd4 38. e6+ Kd8 39. Nf5 Be5 40. Nh6 Bxh2 41. Nf7+ Ke7 42. Nxg5 Be5 43. Nxh3 Kxe6 44. Ke4 Bb2 45. g5 Ba1 46. Nf4+ Kf7 47. Kf5 Bb2 48. g6+ Kg7 49. Ne6+ Kg8 50. Nd8 c5 51. Nc6 a6 52. Nb8 a5 53. Nc6 Bc3 54. Ne7+ Kg7 55. Nd5 Bd2 56. Nf4 Bc3 57. Ne6+ Kg8 58. Nxc5 Kg7 59. Ne6+ Kg8 60. Ke4 Bb4 61. c4 1-0

[Event "December 5 Late 2023"]
[Site "https://www.chess.com"]
[Date "2023.12.05"]
[Round "2"]
[White "Hajiyev, Kanan"]
[Black "Biliy, Vadim"]
[Result "1-0"]
[Board "127"]
[TimeControl "180+1"]
[WhiteFideId "13404148"]
[BlackFideId "14114127"]
[WhiteElo "2548"]
[BlackElo "2323"]
[WhiteTeam "AZE"]
[BlackTeam "UKR"]
[WhiteClock "0:02:30"]
[BlackClock "0:01:26"]

1. d4 c5 2. Nf3 cxd4 3. Nxd4 Nc6 4. c4 g6 5. Nc3 Bg7 6. Nc2 b6 7. e4 Bb7 8. Be2 Nf6 9. O-O O-O 10. b3 d6 11. Rb1 a6 12. Bb2 e6 13. Qd2 Qc7 14. Rfd1 Rfd8 15. Ne3 Na5 16. Rbc1 Nxe4 17. Nxe4 Bxe4 18. Bxg7 Bxg2 19. Bf6 Bb7 20. Nd5 exd5 21. Qh6 1-0